 Dungeon Crawl Stone Soup version 0.31-a0-180-g519b7de00c (webtiles) character file.

Game seed: 14436379046243807036

132 pokeman the Magician (level 4, -13/25 HPs)
             Began as a Deep Elf Hedge Wizard on June 19, 2023.
             Was an Initiate of Vehumet.
             Killed by divine providence
             ... invoked by an orc priest
              (16 damage)
             ... on level 4 of the Dungeon.
             The game lasted 00:07:00 (3593 turns).

pokeman the Magician (Deep Elf Hedge Wizard)        Turns: 3593, Time: 00:07:00

Health: -13/25     AC:  4    Str:  7    XL:     4   Next: 92%
Magic:  7/13       EV: 33    Int: 21    God:    Vehumet [......]
Gold:   35         SH:  0    Dex: 14    Spells: 6/14 levels left

rFire   + . .        a - +0 dagger
rCold   . . .        (no shield)
rNeg    . . .        b - +0 robe
rPois   .            c - +0 hat
rElec   .            (no cloak)
rCorr   .            (no gloves)
SInv    .            e - +1 pair of boots
Will    .....        f - amulet of the acrobat
Stlth   ++           i - ring of protection from fire
HPRegen 0.24/turn    r - +5 ring of evasion
MPRegen 0.13/turn

%: acrobat
@: acrobatic, very slightly contaminated
A: no striking features
a: Renounce Religion


You were on level 4 of the Dungeon.
You worshipped Vehumet.
Vehumet was noncommittal.
You visited 2 branches of the dungeon, and saw 5 of its levels.

You collected 185 gold pieces.
You spent 150 gold pieces at shops.

Inventory:

Hand Weapons
 a - a +0 dagger (weapon)
Armour
 b - a +0 robe (worn)
 c - a +0 hat (worn)
 e - a +1 pair of boots (worn)
 y - a +0 kite shield
Jewellery
 f - an amulet of the acrobat (around neck)
 i - a ring of protection from fire (left hand)
 r - a +5 ring of evasion (right hand)
Wands
 s - a wand of acid (9)
Scrolls
 g - 3 scrolls of identify
 h - 2 scrolls of immolation {unknown}
 k - 2 scrolls of enchant weapon {unknown}
 m - a scroll of vulnerability {unknown}
 o - a scroll of fog {unknown}
 q - a scroll of summoning {unknown}
 t - a scroll of noise {unknown}
 u - 2 scrolls of revelation
 v - a scroll of torment {unknown}
 w - a scroll of amnesia {unknown}
 x - 2 scrolls of teleportation
Potions
 d - a potion of magic
 j - 2 potions of curing {unknown}
 l - a potion of mutation {unknown}
 n - 2 potions of heal wounds {unknown}
 p - a potion of ambrosia {unknown}
 z - a potion of attraction {unknown}


   Skills:
 - Level 1.0 Fighting
 - Level 1.0 Armour
 - Level 3.0 Dodging
 - Level 3.0 Stealth
 + Level 0.1 Shields
 * Level 5.9 Spellcasting
 + Level 2.4 Conjurations
 - Level 1.1 Summonings
 - Level 1.1 Translocations
 + Level 0.0 Evocations


You had 6 spell levels left.
You knew the following spells:

 Your Spells              Type           Power      Damage    Failure   Level
a - Magic Dart            Conj           64%        1d6       3%          1
b - Mephitic Cloud        Conj/Pois/Air  9%         N/A       22%         3
c - Call Imp              Summ           20%        N/A       10%         2
d - Blink                 Tloc           20%        N/A       10%         2

Your spell library contained the following spells:

 Spells                   Type           Power      Damage    Failure   Level
 Shock                    Conj/Air       44%        1d5       6%          1
 Necrotise                Necr           24%        1d5       10%         1
 Slow                     Hex            24%        N/A       10%         1
 Cigotuvi's Dreadful Rot  Necr/Pois/Air  12%        N/A       16%         2
 Poisonous Vapours        Pois/Air       12%        N/A       16%         2
 Swiftness                Air            6%         N/A       30%         3
 Vampiric Draining        Necr           6%         2d6       30%         3
 Airstrike                Air            3%         2d(1-17)  69%         4
 Freezing Cloud           Conj/Ice/Air   4%         6-21      89%         5
 Agony                    Necr           6%         N/A       95%         5


Dungeon Overview and Level Annotations

Branches:
Dungeon (4/15)             Temple (1/1) D:4

Altars:
Ashenzari
Dithmenos
Elyvilon
Gozag
Hepliaklqana
Kikubaaqudgha
Nemelex Xobeh
Ru
Trog
Uskayaw
Vehumet
Zin
The Shining One

Shops:
D:3 ?


Message History

Confirm with . or Enter, or press ? or * to list all spells.
The spell is extremely dangerous to miscast (22% risk of failure)!
Continue anyway?
Okay, then.
Unknown command.
Casting: Mephitic Cloud (extremely dangerous; 22% risk of failure)
Confirm with . or Enter, or press ? or * to list all spells.
The spell is extremely dangerous to miscast (22% risk of failure)!
Continue anyway?
Aiming: Mephitic Cloud (extremely dangerous; 22% risk of failure)
Press: ? - help, Shift-Dir - straight line, f - orc wizard
Aim: an orc wizard, wielding a +0 dagger and wearing a +0 robe (chance to affect: 86%)
You miscast Mephitic Cloud.
You are very lightly contaminated with residual magic.
The air around you crackles with energy!
An orc priest comes into view. It is wielding a +0 club.
You hit the orc wizard.
The orc wizard is lightly wounded.
The orc wizard closely misses you.
Casting: Mephitic Cloud (extremely dangerous; 22% risk of failure)
Confirm with . or Enter, or press ? or * to list all spells.
The spell is extremely dangerous to miscast (22% risk of failure)!
Continue anyway?
Aiming: Mephitic Cloud (extremely dangerous; 22% risk of failure)
Press: ? - help, Shift-Dir - straight line, f/p - orc wizard
Aim: an orc wizard, wielding a +0 dagger and wearing a +0 robe (lightly wounded, chance to affect: 86%) That beam is likely to hit you.
Continue anyway?
The ball explodes into a vile cloud!
The stinking cloud engulfs the orc wizard but does no damage.
The orc wizard is lightly wounded.
The stinking cloud engulfs you but does no damage.
An orc priest comes into view. It is wielding a +0 whip.
The orc priest mumbles some strange prayers to Beogh against you.
Beogh smites you!
Ouch! That really hurt!
* * * LOW HITPOINT WARNING * * *
The orc wizard is engulfed in noxious fumes.
The orc wizard appears confused.
The orc wizard barely misses you.
Unknown command.
The orc priest mumbles some strange prayers to Beogh against you.
Beogh smites you!
Ouch! That really hurt!
You die...

###########
####.........#
....[..#####.#####
.#...............#
.###.#.#####.###.#
.........# #.# #@#
.###.#.#.# #.# #.#
.........###.###o#
.###.#.#........○#
)# #.....#####..o#
.# ###.### #..o#
.# #.# #...o .# #.
##... )# #.##


You could see 2 orc priests, an orc wizard (confused) and an orc.

Vanquished Creatures
  An orc priest (D:4)
  2 worms (D:2)
  4 dart slugs
  4 orcs (D:4)
  6 ball pythons
  5 bats
  10 endoplasms
  4 giant cockroaches
  11 goblins
  8 hobgoblins
  4 jackals (D:3)
  A frilled lizard (D:3)
  7 kobolds
  9 rats
76 creatures vanquished.

Notes
Turn   | Place    | Note
-------+----------+-------------------------------------------
     0 | D:1      | pokeman the Deep Elf Hedge Wizard began the quest for the
                  | Orb.
     0 | D:1      | Reached XP level 1. HP: 10/10 MP: 7/7
   212 | D:1      | Reached XP level 2. HP: 15/15 MP: 0/9
   587 | D:1      | Reached skill level 5 in Spellcasting
   893 | D:2      | Reached XP level 3. HP: 19/20 MP: 6/11
   897 | D:2      | Learned a level 3 spell: Mephitic Cloud
   900 | D:2      | Learned a level 2 spell: Call Imp
   903 | D:2      | Learned a level 2 spell: Blink
  1446 | D:2      | Reached skill level 1 in Fighting
  1625 | D:2      | Reached skill level 1 in Armour
  2040 | D:2      | You fall into a shaft and drop 1 floor!
  2499 | D:3      | Reached XP level 4. HP: 25/25 MP: 8/13
  2544 | D:3      | Found Dixobod's Magic Scroll Emporium.
  2555 | D:3      | Bought a scroll of revelation for 90 gold pieces
  2555 | D:3      | Bought a scroll of identify for 24 gold pieces
  2771 | D:3      | Found an ancient bone altar of Kikubaaqudgha.
  3015 | D:3      | Bought a scroll of teleportation for 36 gold pieces
  3384 | D:4      | Found a staircase to the Ecumenical Temple.
  3404 | Temple   | Entered the Ecumenical Temple
  3460 | Temple   | Became a worshipper of Vehumet
  3593 | D:4      | Killed from afar by an orc priest

Illustrated notes

Levels and vault maps discovered:
D:1:      dpeg_arrival_tiny_f, layout_basic
D:2:      layout_loops_corners
D:3:      kennysheep_the_goblin_king, layout_rooms, lemuel_tele_altar,
          serial_shops, shop_fountains, minmay_misc_feat_alley
D:4:      layout_loops_ring, mainiacjoe_overflow_alcove_4,
          minmay_temple_entry_offerings
Temple:   nicolae_temple_great_sept

Skill      XL: |  1  2  3  4 |
---------------+-------------+-----
Spellcasting   | 5 |  5.9
Fighting       | 1 |  1.0
Armour         | 1 |  1.0
Conjurations   | 2 |  2.4
Stealth        | 3 |  3.0
Dodging        | 3 |  3.0
Shields        | |  0.1
Summonings     | |  1.1
Translocations | |  1.1

Action                     |  1- 3 |  4- 6 || total
---------------------------+-------+-------++-------
  Melee: Dagger            |    19 |    15 ||    34
   Cast: Magic Dart        |   128 |    52 ||   180
         Mephitic Cloud    |     1 |     3 ||     4
         Call Imp          |     1 |       ||     1
   Stab: Confused          |     2 |     2 ||     4
 Armour: Robe              |     8 |     2 ||    10
  Dodge: Dodged            |    14 |    21 ||    35

Table legend: (Time is in decaauts)
 A = Elapsed time spent in this place.
 B = Non-inter-level travel time spent in this place.
 C = Inter-level travel time spent in this place.
 D = Time resting spent in this place.
 E = Time spent auto-exploring this place.
 F = Levels seen in this place.
 G = Mean time per level.
                   A        B        C        D        E       F      G
               +--------+--------+--------+--------+--------+-----+--------+
         Total |   3591 |   3529 |     62 |    111 |   2962 |   5 |  718.2 |
       Dungeon |   3525 |   3472 |     53 |    111 |   2920 |   4 |  881.2 |
        Temple |     66 |     57 |      9 |      0 |     42 |   1 |   66.0 |
               +--------+--------+--------+--------+--------+-----+--------+

Top non-repeatable levels by time:
     D:2: 1420 daAuts
     D:3: 887 daAuts
     D:1: 880 daAuts
     D:4: 336 daAuts
  Temple: 66 daAuts
